 Dungeon Crawl Stone Soup version 0.23.1-37-gaa34b87 (webtiles) character file.

Game seed: 110862974866985092

128261 sanboga the Severer (level 17, -7/115 HPs)
             Began as a Gargoyle Berserker on Mar 20, 2019.
             Was the Champion of Trog.
             Mangled by a harpy (10 damage)
             ... summoned by Kirke
             ... on level 3 of the Swamp on Mar 21, 2019.
             The game lasted 00:45:21 (24886 turns).

sanboga the Severer (Gargoyle Berserker)           Turns: 24886, Time: 00:45:21

Health: -7/115     AC:  0    Str: 28    XL:     17   Next: 3%
Magic:  17/17      EV: 18    Int:  8    God:    Trog [******]
Gold:   1258       SH:  3    Dex:  9    Spells: 16/16 levels left

rFire    . . .     SeeInvis .   (weapon currently unavailable)
rCold    . . .     Gourm    .   (shield currently unavailable)
rNeg     + . .     Faith    .   (armour currently unavailable)
rPois    ∞         Spirit   .   (helmet currently unavailable)
rElec    .         Reflect  +   (cloak currently unavailable)
rCorr    .         Harm     .   (gloves currently unavailable)
MR       .....                  (boots currently unavailable)
Stlth    +.........             y - +3 amulet of reflection
HPRegen  0.29/turn              (ring currently unavailable)
MPRegen  0.15/turn              (ring currently unavailable)

@: about to teleport, pig-form, vulnerable, flying, very quick
A: small, negative energy resistance 1, petrification resistance, rot immunity,
AC +12
a: Berserk, Trog's Hand, Brothers in Arms, Renounce Religion


You were on level 3 of the Swamp.
You worshipped Trog.
Trog was exalted by your worship.
You were not hungry.
You were a filthy swine.
You visited 4 branches of the dungeon, and saw 26 of its levels.
You visited the Abyss 2 times.
You also visited: Gauntlet and Ice Cave.

You collected 2595 gold pieces.
You spent 1337 gold pieces at shops.

Inventory:

Hand Weapons
 D - a +4 battleaxe of distortion (melded)
Armour
 b - a +0 pair of gloves (melded)
 d - a cursed +0 pair of boots (melded)
 v - the +4 cloak "Bann" (melded) {Int+3}
   (You found it in a Gauntlet)

   It affects your intelligence (+3).
 C - the +2 helmet of Ru's Delight (melded) {rElec Str+5}
   (You found it on level 9 of the Dungeon)

   It affects your strength (+5).
   It insulates you from electricity.
 G - a +0 plate armour of cold resistance (melded)
Jewellery
 m - an uncursed ring of fire
 t - the ring of the Scavenger (melded) {MR+ Str+5}
   (You found it in a Gauntlet)

   [ring of protection from magic]

   It affects your strength (+5).
   It affects your resistance to hostile enchantments.
 y - a +3 amulet of reflection (around neck)
 B - the ring "Velats" (melded) {+Blink +Fly rC+++ Str+3 Stlth-}
   (You bought it in a shop on level 2 of the Orcish Mines)

   [ring of flight]

   It affects your strength (+3).
   It renders you almost immune to cold.
   It lets you fly.
   It lets you blink.
   It makes you less stealthy.
Wands
 h - a wand of clouds (6)
 s - a wand of paralysis (6)
 w - a wand of random effects (36)
 x - a wand of enslavement (12)
 z - a wand of flame (41)
 E - a wand of scattershot (6)
 F - a wand of disintegration (30)
 H - a wand of polymorph (35)
 I - a wand of acid (18)
 J - a wand of digging (18)
Scrolls
 e - 5 scrolls of enchant weapon
 f - 2 scrolls of fear
 i - 3 scrolls of magic mapping
 k - 6 scrolls of fog
 l - 10 scrolls of enchant armour
 n - 19 scrolls of remove curse
 q - 13 scrolls of teleportation
 A - 3 scrolls of blinking
 L - a scroll of identify
Potions
 a - 7 potions of curing
 g - 2 potions of heal wounds
 j - 3 potions of ambrosia
 p - a potion of haste
 r - 2 potions of cancellation
 u - 2 potions of mutation
 K - 2 potions of might
Comestibles
 c - 38 rations
 o - 2 chunks of flesh


   Skills:
 + Level 16.1 Fighting
 * Level 17.1 Axes
 + Level 16.0 Armour
 - Level 8.0 Dodging


You had 16 spell levels left.
You didn't know any spells.
Your spell library was empty.

Dungeon Overview and Level Annotations

Branches:
Dungeon (15/15)            Temple (0/1) D:6            Lair (6/6) D:10
  Swamp (3/4) Lair:3        Snake (0/4) Lair:2        Slime (0/5) Lair:5
    Orc (2/2) D:12            Elf (0/3) Orc:2        Vaults (0/5) D:13
 Depths (0/5) D:15

Altars:
Dithmenos
Elyvilon
Gozag
Hepliaklqana
Okawaru
Ru
Trog
Vehumet
The Shining One
Beogh
Jiyva

Shops:
D:9 =   D:10 *   D:11 (   D:12 :   Orc:2 [!=}

Annotations:
Swamp:3 2 transporters, Kirke; flotson's ghost, journeyman DsHu
Abyss:1 Roxanne, Rupert


Innate Abilities, Weirdness & Mutations

You are resistant to torment.
((Your stone body is resilient. (AC +12)))
You are immune to poison.
((Your large and strong wings let you fly indefinitely.))
You resist negative energy. (rN+)
((You are resistant to electric shocks. (rElec)))
((You can survive without breathing.))
You are immune to petrification.
You are immune to rotting.


Message History

The harpy completely misses you. The harpy barely misses you.
As you read the scroll labeled PIAXTO FISE, it crumbles to dust.
Magic quickly surges around you.
It was a scroll of vulnerability.
The harpy claws you! The harpy claws you.
* * * LOW HITPOINT WARNING * * *
The harpy misses you. x2
As you read the scroll of teleportation, it crumbles to dust.
You feel strangely unstable. The harpy closely misses you. The harpy claws you.
* * * LOW HITPOINT WARNING * * *
The harpy screeches!
You block the harpy's attack. The harpy completely misses you.
The harpy misses you. The harpy claws you!
* * * LOW HITPOINT WARNING * * *
The harpy screeches!
The harpy barely misses you. The harpy claws you!
* * * LOW HITPOINT WARNING * * *
The hog bites you!
* * * LOW HITPOINT WARNING * * *
You block the harpy's attack. The harpy claws you!
You die...

♣ ♣♣♣≈♣
♣♣♣♣♣♣♣
♣♣..♣♣♣♣♣♣♣♣
♣♣≈≈≈≈♣
♣≈≈≈.......♣
♣.≈≈§≈♣
♣≈≈≈§≈≈....♣
≈≈≈≈≈.♣
♣)≈≈≈≈§≈≈§.♣♣
≈≈.≈≈.♣♣
♣h≈≈≈≈≈{§≈≈≈♣
≈≈≈....♣
♣.≈≈≈≈≈≈≈≈≈♣♣
≈≈≈≈..≈♣
♣≈..≈≈HH≈≈≈.♣
≈≈≈(≈♣♣♣
♣♣♣.≈≈≈h≈≈≈♣♣
.≈≈.≈♣♣♣
♣...h♣≈.♣♣
..≈≈...♣
♣♣..♣♣≈♣♣
.≈..≈≈♣♣
♣§≈♣♣ ≈≈
♣≈..♣♣♣♣ ♣♣♣♣
♣.≈ ♣≈.≈♣♣≈♣
♣♣♣ ♣.≈.♣..♣
≈≈§...≈♣
♣...♣♣♣♣


You could see 2 harpies and 2 hogs.

Vanquished Creatures
  A tentacled starspawn (Abyss:3)
  A thorn hunter (Swamp:3)
  A reaper (Abyss:3)
  A minotaur (Gauntlet)
  Azrael (D:14)
  Fannar (Lair:2)
  9 hydras
  Erolcha (D:12)
  A ghost crab (Swamp:2)
  An ogre mage (Orc:2)
  2 shambling mangroves (Swamp:3)
  3 centaur warriors (D:13)
  12 two-headed ogres
  8 alligators
  A wretched star (Abyss:2)
  5 skeletal warriors (D:12)
  2 deep trolls (Orc:2)
  A glowing orange brain (Abyss:3)
  2 unseen horrors
  2 deep elf magi (D:13)
  An orc sorcerer (Orc:2)
  2 manticores
  9 cyclopes
  12 ugly things
  2 worldbinders
  A centaur zombie (D:12)
  24 elephants
  Psyche (D:12)
  3 ice statues (IceCv)
  Joseph (D:9)
  4 black mambas
  2 smoke demons (Abyss:3)
  8 spiny frogs
  A kobold demonologist (D:15)
  5 rime drakes
  A freezing wraith (D:15)
  4 komodo dragons
  An efreet (Abyss:3)
  13 trolls
  A tengu conjurer (D:13)
  An ancient zyme (Abyss:2)
  A queen bee (shapeshifter) (Abyss:3)
  6 tyrant leeches
  4 polar bears (Lair:6)
  A polar bear (shapeshifter) (D:13)
  6 large abominations (Abyss:3)
  5 slime creatures
  14 blink frogs
  5 bog bodies
  15 hornets
  A raiju (Gauntlet)
  10 hippogriffs
  2 dream sheep (Lair:6)
  A vampire (D:14)
  6 shadows
  A centaur simulacrum (Gauntlet)
  12 spriggans (Lair:6)
  8 wyverns
  A hog (Swamp:3)
  4 basilisks
  4 hungry ghosts
  30 yaks
  A chaos spawn (Abyss:2)
  2 fire elementals (D:14)
  The ghost of Ravenswing17 the Conjurer, an amateur DrCj (D:3)
  Edmund (D:6)
  7 vampire mosquitoes
  2 acid dragons
  3 nagas (Lair:2)
  A soldier ant (D:14)
  3 insubstantial wisps (Swamp:3)
  2 wargs (Orc:2)
  17 swamp worms
  5 hell hounds
  15 water moccasins
  10 porcupines
  3 sky beasts
  5 swamp drakes
  10 ice beasts
  6 starcursed masses (Abyss:3)
  17 orc warriors
  5 black bears
  3 centaurs
  An eye of draining (D:11)
  31 wolves
  4 boggarts (Lair:6)
  3 small abominations (Abyss:3)
  23 ogres
  12 crocodiles
  14 bullfrogs
  A wyvern zombie (D:13)
  2 gnoll sergeants (D:9)
  A wyvern skeleton (D:14)
  5 scorpions
  9 killer bees
  7 wights
  3 electric eels
  10 howler monkeys
  8 crimson imps
  2 lava snakes (D:11)
  6 jellies
  3 quasits (Abyss:3)
  7 orc priests
  A wyvern simulacrum (Gauntlet)
  5 hounds
  A gnoll shaman (Orc:2)
  6 centaur skeletons
  19 orc wizards
  3 iguanas
  2 bullfrog skeletons
  Terence (D:2)
  A lightning spire (Gauntlet)
  7 worker ants
  A killer bee zombie (D:5)
  A bullfrog simulacrum (Gauntlet)
  A howler monkey zombie (D:9)
  3 worker ant zombies
  Robin (D:2)
  12 adders
  19 gnolls
  A shadow imp (D:7)
  11 white imps (Orc:2)
  An ufetubus (Abyss:3)
  3 oozes
  An adder skeleton (D:4)
  3 worms
  4 dart slugs
  7 leopard geckos
  61 orcs
  3 giant cockroaches
  14 goblins
  10 hobgoblins
  9 jackals
  11 kobolds
  3 quokkas
  9 bats
  6 frilled lizards
  A jackal zombie (D:5)
  A leopard gecko skeleton (D:5)
  8 rats
  14 briar patches (Swamp:3)
  6 fungi
  10 plants
  A starspawn tentacle (Abyss:3)
  4 withered plants (Gauntlet)
847 creatures vanquished.

Vanquished Creatures (collateral kills)
  A manticore (D:11)
  An ice beast (D:11)
  An orc wizard (D:11)
3 creatures vanquished.

Vanquished Creatures (others)
  A thorn hunter (Swamp:1)
  A fire dragon (D:15)
  An ice dragon (D:15)
  A two-headed ogre (Orc:2)
  An ogre mage (Orc:2)
  2 alligators
  An orc sorcerer (Orc:1)
  4 ugly things
  An elephant (Lair:5)
  A tengu conjurer (D:14)
  3 hornets
  A blink frog (Lair:5)
  A large abomination (Abyss:3)
  A bog body (Swamp:2)
  A starcursed mass (Abyss:3)
  A shadow (Swamp:3)
  A spriggan (Swamp:1)
  A ynoxinul (Abyss:3)
  A yak (D:14)
  3 swamp worms
  A water moccasin (Lair:5)
  A hell hound (D:14)
  A porcupine (Lair:4)
  An ice beast (IceCv)
  An orc warrior (D:13)
  2 ogres
  2 wolves
  A bullfrog (D:13)
  A howler monkey (D:7)
  A crimson imp (D:14)
  An orc priest (Orc:2)
  A worker ant (D:14)
  A white imp (Orc:2)
  A briar patch (Swamp:3)
  9 fungi
  13 plants
  3 starspawn tentacles (Abyss:3)
  4 withered plants (Gauntlet)
73 creatures vanquished.

Grand Total: 923 creatures vanquished

Notes
Turn   | Place    | Note
-------+----------+-------------------------------------------
     0 | D:1      | sanboga the Gargoyle Berserker began the quest for the Orb.
     0 | D:1      | Reached XP level 1. HP: 14/14 MP: 1/1
    85 | D:1      | Reached XP level 2. HP: 17/19 MP: 2/2
   871 | D:2      | Reached XP level 3. HP: 24/24 MP: 3/3
   885 | D:2      | Noticed Terence
   905 | D:2      | Reached skill level 3 in Axes
   918 | D:2      | Killed Terence
   918 | D:2      | Reached XP level 4. HP: 25/29 MP: 4/4
   927 | D:2      | Reached ** piety under Trog
  1171 | D:2      | Noticed Robin
  1199 | D:2      | Killed Robin
  1409 | D:2      | Reached XP level 5. HP: 31/33 MP: 5/5
  1808 | D:3      | Found a white marble altar of Elyvilon.
  1808 | D:3      | Found an opulent altar of Gozag.
  1982 | D:3      | Found a bloodstained altar of Trog.
  2111 | D:3      | Reached *** piety under Trog
  2385 | D:3      | Reached XP level 6. HP: 39/39 MP: 6/6
  2674 | D:3      | Found a runed translucent gate.
  2674 | D:3      | Found a runed translucent gate.
  2675 | D:3      | Noticed Ravenswing17's ghost (amateur DrCj)
  2683 | D:3      | Found a runed translucent gate.
  2698 | D:3      | Killed Ravenswing17's ghost
  2698 | D:3      | Reached skill level 4 in Axes
  2895 | D:4      | Reached skill level 5 in Fighting
  2939 | D:4      | Reached XP level 7. HP: 44/44 MP: 7/7
  3048 | D:4      | Reached **** piety under Trog
  3599 | D:5      | Entered Level 5 of the Dungeon
  4089 | D:5      | Found a bloodstained altar of Trog.
  4478 | D:6      | Reached skill level 5 in Armour
  4550 | D:6      | Reached XP level 8. HP: 38/51 MP: 8/8
  4583 | D:6      | Found a staircase to the Ecumenical Temple.
  4800 | D:6      | Noticed Edmund
  4824 | D:6      | Killed Edmund
  4824 | D:6      | Reached skill level 5 in Axes
  5370 | D:7      | Found a shadowy altar of Dithmenos.
  5398 | D:7      | Found a radiant altar of Vehumet.
  5855 | D:8      | Found a hazy altar of Hepliaklqana.
  5972 | D:8      | Reached XP level 9. HP: 57/57 MP: 9/9
  6037 | D:8      | Reached skill level 5 in Dodging
  6061 | D:8      | Reached skill level 6 in Axes
  6777 | D:9      | Found Huif's Jewellery Emporium.
  6803 | D:9      | Bought a +3 amulet of reflection for 188 gold pieces
  6831 | D:9      | Noticed Joseph
  6832 | D:9      | Noticed a hornet
  6845 | D:9      | Killed a hornet
  6850 | D:9      | Killed Joseph
  6850 | D:9      | Reached XP level 10. HP: 45/64 MP: 10/10
  6851 | D:9      | Reached skill level 7 in Axes
  7015 | D:9      | Reached ***** piety under Trog
  7022 | D:9      | Cast into level 2 of the Abyss (gnoll sergeant)
  7095 | Abyss:2  | Noticed a wretched star
  7107 | Abyss:2  | Killed a wretched star
  7155 | Abyss:2  | Noticed a worldbinder
  7157 | Abyss:2  | Noticed a deep elf mage
  7164 | Abyss:2  | Noticed a deep elf mage
  7165 | Abyss:2  | Killed a worldbinder
  7171 | Abyss:2  | Noticed a green death
  7236 | D:9      | Escaped the Abyss
  7482 | D:9      | Got a warped helmet
  7493 | D:9      | Identified the +2 helmet of Ru's Delight {rElec Str+5} (You
                  | found it on level 9 of the Dungeon)
  7600 | D:9      | Found a sacrificial altar of Ru.
  7716 | D:10     | Entered Level 10 of the Dungeon
  7716 | D:10     | Found Emmihyew's Assorted Antiques.
  7741 | D:10     | Received a gift from Trog
  7770 | D:10     | Reached skill level 8 in Axes
  7770 | D:10     | Reached XP level 11. HP: 54/71 MP: 11/11
  8185 | D:10     | Found a staircase to the Lair.
  8565 | D:11     | Noticed a manticore
  8573 | D:11     | Killed a manticore
  8595 | D:11     | Received a gift from Trog
  8684 | D:11     | Noticed a purple ugly thing
  8701 | D:11     | Killed a purple ugly thing
  8701 | D:11     | Reached skill level 10 in Fighting
  8979 | D:11     | Found Emok's Weapon Boutique.
  9005 | D:11     | Noticed a manticore
  9014 | D:11     | Killed a manticore
  9611 | D:12     | Noticed a two-headed ogre
  9613 | D:12     | Noticed a skeletal warrior
  9615 | D:12     | Noticed a skeletal warrior
  9617 | D:12     | Noticed a skeletal warrior
  9619 | D:12     | Noticed a skeletal warrior
  9621 | D:12     | Noticed a skeletal warrior
  9622 | D:12     | Killed a two-headed ogre
  9622 | D:12     | Reached skill level 10 in Armour
  9628 | D:12     | Killed a skeletal warrior
  9633 | D:12     | Killed a skeletal warrior
  9847 | D:12     | Killed an unseen horror
  9847 | D:12     | Reached skill level 9 in Axes
  9953 | D:12     | Noticed a cyclops
  9960 | D:12     | Killed a cyclops
  9997 | D:12     | Noticed a cyclops
 10005 | D:12     | Reached XP level 12. HP: 49/79 MP: 12/12
 10268 | D:12     | Found Xetil's Book Boutique.
 10307 | D:12     | Reached skill level 10 in Axes
 10759 | D:12     | Noticed Psyche
 10760 | D:12     | Found a staircase to the Orcish Mines.
 10771 | D:12     | Paralysed by something for 5 turns
 10810 | D:12     | Received a gift from Trog
 10861 | D:12     | Noticed Erolcha
 10868 | D:12     | Killed Erolcha
 11153 | D:12     | Killed Psyche
 11275 | Lair:1   | Entered Level 1 of the Lair of Beasts
 11485 | Lair:1   | Noticed a four-headed hydra
 11499 | Lair:1   | Killed a 12-headed hydra
 11802 | Lair:2   | Noticed Fannar
 11823 | Lair:2   | Killed Fannar
 11823 | Lair:2   | Reached skill level 11 in Axes
 11979 | Lair:2   | Found a staircase to the Snake Pit.
 12154 | Lair:2   | Found an iron altar of Okawaru.
 12227 | Lair:2   | Reached XP level 13. HP: 84/86 MP: 13/13
 12824 | Lair:3   | Received a gift from Trog
 12985 | Lair:3   | Reached skill level 12 in Axes
 13074 | Lair:3   | Found a staircase to the Swamp.
 14493 | Lair:5   | Found a gate leading to a gauntlet.
 14507 | Gauntlet | Entered a Gauntlet
 14507 | Gauntlet | Found a transporter.
 14507 | Gauntlet | Found a transporter.
 14529 | Gauntlet | Found a transporter.
 14533 | Gauntlet | Found a transporter.
 14549 | Gauntlet | Found a transporter.
 14553 | Gauntlet | Found a transporter.
 14569 | Gauntlet | Found a transporter.
 14591 | Gauntlet | Found a transporter.
 14591 | Gauntlet | Noticed a green death
 14609 | Gauntlet | Found a transporter.
 14613 | Gauntlet | Found a transporter.
 14614 | Gauntlet | Noticed a reaper
 14629 | Gauntlet | Found a transporter.
 14633 | Gauntlet | Found a transporter.
 14786 | Gauntlet | Got a shimmering wooden ring
 14839 | Gauntlet | Identified the ring of the Scavenger {MR+ Str+5} (You found
                  | it in a Gauntlet)
 14843 | Gauntlet | Got an ancient cloak
 14844 | Gauntlet | Identified the +4 cloak "Bann" {Int+3} (You found it in a
                  | Gauntlet)
 14868 | Gauntlet | Noticed a minotaur
 14879 | Gauntlet | Killed a minotaur
 14879 | Gauntlet | Reached skill level 13 in Axes
 14879 | Gauntlet | Gained mutation: Your large and strong wings let you fly
                  | indefinitely. [Gargoyle growth]
 14879 | Gauntlet | Reached XP level 14. HP: 94/94 MP: 14/14
 14925 | Lair:5   | Found the +2 Maxwell's thermic engine {flame, freeze}
 15076 | Lair:5   | Found a viscous altar of Jiyva.
 15076 | Lair:5   | Found a staircase to the Slime Pits.
 15731 | Lair:6   | Entered Level 6 of the Lair of Beasts
 15947 | Lair:6   | Reached ****** piety under Trog
 15970 | Lair:6   | Reached skill level 14 in Axes
 16407 | Lair:6   | Received a gift from Trog
 17026 | Orc:1    | Entered Level 1 of the Orcish Mines
 17227 | Orc:2    | Entered Level 2 of the Orcish Mines
 17269 | Orc:2    | Found a frozen archway.
 17289 | IceCv    | Entered an ice cave
 17471 | IceCv    | Reached XP level 15. HP: 80/100 MP: 15/15
 17538 | IceCv    | Got faintly glowing ice dragon scales
 17549 | IceCv    | Identified the +4 ice dragon scales of Happiness {rElec rF-
                  | rC++ Dex+3} (You found it in an ice cave)
 17726 | Orc:2    | Found a staircase to the Elven Halls.
 17963 | Orc:2    | Noticed an orc warlord
 18021 | Orc:2    | Banished an orc warlord
 18021 | Orc:2    | Reached skill level 15 in Axes
 18062 | Orc:2    | Received a gift from Trog
 18436 | Orc:2    | Found Eroemehu's Gadget Boutique.
 18437 | Orc:2    | Found Didoileaq's Jewellery Boutique.
 18444 | Orc:2    | Found Iplonidde's Distillery.
 18448 | Orc:2    | Bought the ring "Velats" {+Blink +Fly rC+++ Str+3 Stlth-}
                  | for 999 gold pieces
 18470 | Orc:2    | Found Poug's Armour Shop.
 18486 | Orc:2    | Bought a potion of heal wounds for 75 gold pieces
 18486 | Orc:2    | Bought a potion of heal wounds for 75 gold pieces
 18777 | Orc:1    | Found a roughly hewn altar of Beogh.
 19702 | D:13     | Found a gate to the Vaults.
 19936 | D:14     | Noticed Azrael
 19942 | D:14     | Reached skill level 15 in Fighting
 19946 | D:14     | Killed Azrael
 19959 | D:14     | Noticed Rupert
 19995 | D:13     | Received a gift from Trog
 20356 | D:14     | Banished Rupert
 20356 | D:14     | Reached skill level 15 in Armour
 20382 | D:14     | Reached XP level 16. HP: 66/108 MP: 16/16
 20481 | D:14     | Reached skill level 16 in Axes
 20691 | D:14     | Identified Roxanne's Incunabulum of Changing
 20691 | D:14     | Noticed Roxanne
 20703 | D:14     | HP: 5/108 [Roxanne/orb of energy (13)]
 20712 | D:14     | Banished Roxanne
 21121 | D:15     | Entered Level 15 of the Dungeon
 21446 | D:15     | Found a glowing golden altar of the Shining One.
 21725 | D:15     | Found a staircase to the Depths.
 22297 | Swamp:1  | Entered Level 1 of the Swamp
 22312 | Swamp:1  | Noticed a thorn hunter
 22315 | Swamp:1  | Banished a thorn hunter
 23538 | Swamp:3  | Found a transporter.
 23550 | Swamp:3  | Found a bloodstained altar of Trog.
 23550 | Swamp:3  | Noticed flotson's ghost (journeyman DsHu)
 23563 | Swamp:3  | Found a transporter.
 23568 | Swamp:3  | Identified the +11 quarterstaff of the Endless Souls {elec,
                  | Dex+2}
 23569 | Swamp:3  | Received a gift from Trog
 24090 | Swamp:3  | Noticed a thorn hunter
 24103 | Swamp:3  | Killed a thorn hunter
 24107 | Swamp:3  | Noticed a thorn hunter
 24275 | Swamp:3  | Cast into level 3 of the Abyss (a distortion unwield)
 24561 | Abyss:3  | Reached skill level 17 in Axes
 24658 | Abyss:3  | Noticed a tentacled starspawn
 24675 | Abyss:3  | Killed a tentacled starspawn
 24675 | Abyss:3  | Reached XP level 17. HP: 43/115 MP: 17/17
 24677 | Swamp:3  | Escaped the Abyss
 24851 | Swamp:3  | Noticed Kirke
 24886 | Swamp:3  | HP: 3/115 [hog[Kirke] (8)]
 24886 | Swamp:3  | Mangled by a harpy

Skill      XL: |  1  2  3  4  5  6  7  8  9 10 11 12 13 14 15 16 |
---------------+-------------------------------------------------+-----
Axes           | 3 4 5 6 8 9 11 13 14 15 17 | 17.1
Dodging        | 2 3 4 6 7 8 |  8.0
Armour         | 3 4 5 6 7 9 10 11 12 14 15 16 | 16.0
Fighting       | 4 5 7 8 9 10 12 13 14 15 16 | 16.1

Action                   |  1- 3 |  4- 6 |  7- 9 | 10-12 | 13-15 | 16-18 || total
-------------------------+-------+-------+-------+-------+-------+-------++-------
Melee: Hand axe          |    98 |   142 |       |       |       |       ||   240
       War axe           |       |   172 |   407 |   236 |       |       ||   815
       Broad axe         |       |       |       |   374 |       |       ||   374
       Battleaxe         |       |       |       |    45 |   946 |   439 ||  1430
       Unarmed           |       |       |       |       |       |     1 ||     1
Invok: Berserk           |       |     3 |     3 |     9 |     7 |     2 ||    24
 Abil: Fly               |       |       |       |       |     1 |       ||     1
Evoke: Wand              |       |       |       |     7 |       |       ||     7
  Use: Scroll            |     4 |     6 |     9 |     6 |    14 |     4 ||    43
       Potion            |     2 |       |     1 |     2 |     1 |     3 ||     9
 Stab: Sleeping          |     1 |       |       |       |       |       ||     1
  Eat: Chunk             |       |    10 |    16 |    21 |    25 |     9 ||    81
       Ration            |       |       |     1 |     3 |     3 |     2 ||     9
Armor: Animal skin       |    16 |       |       |       |       |       ||    16
       Chain mail        |    54 |   261 |   325 |    14 |       |       ||   654
       Plate armour      |       |       |       |   529 |   665 |   285 ||  1479
       Ice dragon scales |       |       |       |       |    71 |       ||    71
Dodge: Dodged            |    46 |   187 |   227 |   441 |   614 |   227 ||  1742
Block: Other             |       |       |     5 |   106 |   120 |    45 ||   276
       Reflection        |       |       |     1 |       |     6 |     2 ||     9
